 Dungeon Crawl Stone Soup version 0.27-a0-951-gae3e1deef5 (webtiles) character file.

Game seed: 3821915868304446411

46679 jestyr24 the Slicer (level 14, -2/82 HPs)
             Began as a Kobold Conjurer on Apr 11, 2021.
             Was the Champion of Elyvilon.
             Slain by a black mamba (10 damage)
             ... on level 6 of the Lair of Beasts on Apr 12, 2021.
             The game lasted 03:20:39 (29872 turns).

jestyr24 the Slicer (Kobold Conjurer)              Turns: 29872, Time: 03:20:40

Health: -2/82      AC:  5    Str:  3 (4)  XL:     14   Next: 77%
Magic:  6/29       EV: 17    Int: 34      God:    Elyvilon [******]
Gold:   336        SH:  5    Dex: 13 (14) Spells: 18/36 levels left

rFire    x . .     SeeInvis .   a - +3 short sword (speed)
rCold    + + .     Faith    .   (shield restricted)
rNeg     . . .     Spirit   .   Z - +1 robe "Erion" {+Inv rC+ Will+}
rPois    +         Reflect  +   (helmet restricted)
rElec    .         Harm     +   P - scarf {harm}
rCorr    .         Rampage  .   O - +1 pair of gloves
Will     ++...     Clarity  +   (no boots)
Stlth    +++++.....             g - amulet of reflection
HPRegen  0.23/turn              V - ring "Ethroxtuw" {Ice rPois Int+4}
MPRegen  0.21/turn              k - +6 ring of intelligence

@: on berserk cooldown, studying Long Blades
A: small, no large weapons, nightstalker 3, horns 1, clarity, deterioration 1,
sense surroundings 1
a: Renounce Religion, Evoke Invisibility, Lesser Healing, Heal Other,
Purification, Greater Healing, Divine Vigour, Divine Protection


You were on level 6 of the Lair of Beasts.
You worshipped Elyvilon.
Elyvilon was exalted by your worship.
You visited 2 branches of the dungeon, and saw 16 of its levels.
You also visited: Ice Cave.

You collected 1390 gold pieces.
You spent 1054 gold pieces at shops.

Inventory:

Hand Weapons
 a - a +3 short sword of speed (weapon)
 T - a +4 falchion
 W - a +4 hand crossbow of venom
Missiles
 h - 2 boomerangs
 m - 84 poisoned darts
 z - 9 curare-tipped darts
 X - 73 bolts
Armour
 C - a +2 cloak of poison resistance
 D - a +2 robe of willpower
 H - a +0 buckler
 O - a +1 pair of gloves (worn)
 P - a scarf of harm (worn)
 U - the +0 helmet of Moral Flaws {Rampage Will+ Dex+2}
   (You bought it in a shop on level 12 of the Dungeon)

   It affects your dexterity (+2).
   It bestows one free step when moving towards enemies.
   It increases your willpower.
 Z - the +1 robe "Erion" (worn) {+Inv rC+ Will+}
   (You found it on level 2 of the Lair of Beasts)

   It protects you from cold.
   It lets you turn invisible.
   It increases your willpower.
Magical Staves
 b - a staff of conjuration
Jewellery
 d - a +4 ring of evasion
 g - an amulet of reflection (around neck)
 k - a +6 ring of intelligence (right hand)
 l - a ring of poison resistance
 t - a +4 ring of protection
 u - a +6 ring of strength
 N - a ring of protection from cold
 V - the ring "Ethroxtuw" (left hand) {Ice rPois Int+4}
   (You bought it in a shop on level 12 of the Dungeon)

   [ring of ice]

   It enhances your ice magic.
   It affects your intelligence (+4).
   It makes you vulnerable to fire.
   It protects you from cold.
   It protects you from poison.
Wands
 x - a wand of paralysis (10)
 B - a wand of acid (6)
 G - a wand of polymorph (22)
 J - a wand of flame (20)
 L - a wand of iceblast (11)
 M - a wand of mindburst (20)
Scrolls
 n - 2 scrolls of amnesia
 q - 2 scrolls of magic mapping
 r - 2 scrolls of enchant armour
 s - a scroll of summoning
 y - 2 scrolls of enchant weapon
 E - a scroll of brand weapon
 I - 3 scrolls of fog
Potions
 c - 7 potions of haste
 e - a potion of magic
 f - a potion of resistance
 j - 5 potions of curing
 v - 2 potions of cancellation
 A - a potion of flight
 Q - 2 potions of brilliance
 S - a potion of heal wounds
 Y - a potion of mutation


   Skills:
 - Level 7.6 Fighting
 - Level 12.1 Short Blades
 - Level 6.4 Dodging
 - Level 10.2 Stealth
 - Level 0.2 Shields
 - Level 11.9 Spellcasting
 - Level 8.5 Conjurations
 - Level 3.3 Hexes
 - Level 5.1 Translocations
 * Level 11.0 Ice Magic
 - Level 5.6 Invocations
 - Level 5.9 Evocations


You had 18 spell levels left.
You knew the following spells:

 Your Spells              Type           Power      Damage    Failure   Level
a - Magic Dart            Conj           100%       1d8       1%          1
b - Searing Ray           Conj           100%       3d7       1%          2
c - Iskenderun's Mystic   Conj/Tloc      61%        2d13      1%          4
d - Fulminant Prism       Conj/Hex       28%        3d14      1%          4
e - Ozocubu's Refrigerat  Ice            48%        4d14      21%         7

Your spell library contained the following spells:

 Spells                   Type           Power      Damage    Failure   Level
 Corona                   Hex            47%        N/A       1%          1
 Shock                    Conj/Air       100%       1d9       1%          1
 Ensorcelled Hibernation  Hex/Ice        100%       N/A       1%          2
 Slow                     Hex            43%        N/A       1%          2
 Confusing Touch          Hex            43%        N/A       1%          3
 Dazzling Flash           Conj/Hex       100%       N/A       1%          3
 Static Discharge         Conj/Air       49%        N/A       1%          3
 Tukima's Dance           Hex            43%        N/A       1%          3
 Ice Form                 Ice/Tmut       72%        N/A       2%          4
 Summon Ice Beast         Ice/Summ       72%        N/A       2%          4
 Swiftness                Air            20%        N/A       3%          2
 Lightning Bolt           Conj/Air       24%        1d40      11%         5
 Airstrike                Air            10%        N/A       22%         4
 Freezing Cloud           Conj/Ice/Air   38%        6-21      22%         6
 Silence                  Hex/Air        15%        N/A       30%         5
 Yara's Violent Unravell  Hex/Tmut       15%        3d8       30%         5
 Simulacrum               Ice/Necr       36%        N/A       34%         6


Dungeon Overview and Level Annotations

Branches:
Dungeon (12/15)            Temple (0/1) D:7            Lair (3/6) D:8
  Swamp (0/4) Lair:2          Orc (0/2) D:11          IceCv (visited)
  Snake: Lair:2-4    Spider: Lair:2-4

Altars:
Elyvilon
Okawaru
Uskayaw

Shops:
D:1 [((*(   D:5 ?   D:6 [   D:10 [   D:12 [?=

Annotations:
D:6 2 transporters, rageheart7's ghost, novice FoAK


Innate Abilities, Weirdness & Mutations

You are small and have problems with some larger weapons.
You are completely attuned to the shadows.
You have a pair of small horns on your head.
You possess an exceptional clarity of mind.
Your body sometimes deteriorates upon taking damage.
You passively map a small area around you.


Message History

Your body deteriorates!
You feel clumsy.
A black mamba comes into view.
The black mamba hisses angrily.
You feel much better.
You hear an angry hiss.
You block the cane toad's attack. The cane toad barely misses you.
Casting: Fulminant Prism (dangerous; 1% risk of failure)
Confirm with . or Enter, or press ? or * to list all spells.
You erupt in a blast of force!
The mystic blast hits the plant!
The plant begins to die.
The plant is lightly damaged.
The mystic blast hits the cane toad!
The cane toad is severely wounded.
The cane toad is knocked back by the mystic blast.
The cane toad collides with the plant!
The mystic blast hits the black mamba.
The black mamba is lightly wounded.
The black mamba is knocked back by the mystic blast.
The cane toad stings you!!
* * * LOW HITPOINT WARNING * * *
The steam dragon hisses angrily.
The black mamba bites you but does no damage.
The cane toad misses you.
Blink to where?
Press: ? - help, Dir - move target
As you read the scroll of blinking, it crumbles to dust.
You feel yourself speed up.
Casting: Iskenderun's Mystic Blast (mildly dangerous; 1% risk of failure)
Confirm with . or Enter, or press ? or * to list all spells.
Aiming: Searing Ray (safe; 1% risk of failure)
Press: ? - help, Shift-Dir - straight line, f - cane toad
Aim: a cane toad (almost dead, 15% to evade)
The searing ray hits the black mamba!
The black mamba is moderately wounded.
The searing ray misses the cane toad. (Press . to maintain the ray.)
You block the black mamba's attack. The black mamba closely misses you.
The black mamba misses you. The black mamba bites you!
You die...

.......... ,
.......... ,
.......... , , , *
.........., ........,,
,P........ *
...........,.........P
..........Y ........#
....#...... , #.......
...#.....). ,##@.....
...........,, #.S...P.
..........., #.F....#
........... ,..#.....#
....#.....# '###...P#
#..##.....# ≈ #...##
##.#......# ≈ #...P#
###......# ≈ ≈ #....#
##.....# #....#


You could see a black mamba and a cane toad.

Vanquished Creatures
  A frost giant (IceCv)
  The ghost of dickylongcocking the Thaumaturge, a journeyman DjFE of Makhleb (D:10)
  2 boulder beetles
  A catoblepas (Lair:6)
  A centaur warrior (D:10)
  4 two-headed ogres
  A death yak (IceCv)
  Pikel (D:6)
  A manticore (D:10)
  An ugly thing (D:12)
  3 deep elf pyromancers
  A cyclops (D:11)
  8 elephants (Lair:6)
  Maurice (D:8)
  A black mamba (Lair:3)
  2 gargoyles
  7 cane toads
  2 ice statues
  A kobold demonologist (D:9)
  Maggie (D:9)
  7 komodo dragons
  2 rime drakes (Lair:1)
  2 unseen horrors
  A freezing wraith (Lair:6)
  A troll (D:10)
  23 polar bears
  17 slime creatures
  39 yaks
  2 vampires (D:12)
  A wraith (D:11)
  A wyvern (D:9)
  2 basilisks
  2 vampire mosquitoes (D:12)
  Menkaure (D:4)
  2 steam dragons
  2 acid dragons (D:12)
  9 water moccasins
  Duvessa (D:6)
  2 black bears
  13 ice beasts
  5 orc warriors
  A hornet zombie (D:5)
  2 sky beasts (D:5)
  An ogre (D:6)
  5 centaurs
  27 wolves
  2 lemures (D:6)
  A phantom (D:6)
  8 kobold brigands
  7 bullfrogs
  A gnoll sergeant (D:12)
  2 scorpions
  A wyvern skeleton (D:7)
  Dowan (D:6)
  11 killer bees
  3 wights (D:7)
  3 howler monkeys
  5 centaur zombies
  A hound (D:6)
  3 bullfrog skeletons
  3 jellies (D:5)
  Crazy Yiuf (D:4)
  2 centaur skeletons
  2 orc priests (D:11)
  2 hell rats (Lair:1)
  2 orc wizards
  2 iguanas
  A howler monkey zombie (D:9)
  Robin (D:4)
  9 adders
  16 gnolls
  6 river rats (Lair:1)
  A shadow imp (D:5)
  6 white imps
  2 worms
  6 dart slugs
  28 orcs
  9 ball pythons
  7 endoplasms
  4 giant cockroaches
  13 goblins
  6 hobgoblins
  57 kobolds
  5 quokkas
  7 bats
  3 frilled lizards
  9 rats
471 creatures vanquished.

Vanquished Creatures (others)
  A hydra (D:12)
  A basilisk (D:12)
  77 fulminant prisms
  29 fungi
  24 plants
  4 toadstools (D:1)
136 creatures vanquished.

Grand Total: 607 creatures vanquished

Notes
Turn   | Place    | Note
-------+----------+-------------------------------------------
     0 | D:1      | jestyr24 the Kobold Conjurer began the quest for the Orb.
     0 | D:1      | Reached XP level 1. HP: 10/10 MP: 3/3
    95 | D:1      | Found a faded altar of an unknown god.
   107 | D:1      | Became a worshipper of Elyvilon the Healer
   107 | D:1      | Reached * piety under Elyvilon
   114 | D:1      | Found Ycwoapt's Assorted Antiques.
   161 | D:1      | Reached XP level 2. HP: 8/15 MP: 5/5
   327 | D:1      | Found Fyzumih's Antique Armour Shop.
   752 | D:1      | Reached XP level 3. HP: 19/20 MP: 3/6
  1094 | D:1      | Found Niboah's Antique Weapon Boutique.
  1193 | D:1      | Reached ** piety under Elyvilon
  1195 | D:1      | Found Raomniu's Weapon Shoppe.
  1445 | D:1      | Found Fonwyddais's Weapon Shoppe.
  1743 | D:2      | Reached XP level 4. HP: 23/24 MP: 0/7
  2563 | D:2      | Learned a level 2 spell: Searing Ray
  2581 | D:3      | Reached skill level 1 in Fighting
  3082 | D:3      | Reached skill level 5 in Conjurations
  3120 | D:3      | Reached skill level 1 in Short Blades
  3273 | D:3      | Reached XP level 5. HP: 29/29 MP: 5/9
  3928 | D:4      | Learned a level 4 spell: Iskenderun's Mystic Blast
  3995 | D:4      | Reached *** piety under Elyvilon
  4613 | D:4      | Noticed Robin
  4617 | D:4      | Killed Robin
  4860 | D:4      | Found a runed translucent door.
  4863 | D:4      | Noticed Crazy Yiuf
  4868 | D:4      | Killed Crazy Yiuf
  4869 | D:4      | Reached XP level 6. HP: 34/34 MP: 5/11
  5216 | D:4      | Reached skill level 2 in Short Blades
  5216 | D:4      | Reached skill level 1 in Translocations
  5578 | D:4      | Reached XP level 7. HP: 38/40 MP: 1/12
  5616 | D:4      | Gained mutation: Your movements are slightly less
                  | encumbered by armour. (ER -2) [potion of mutation]
  5616 | D:4      | Gained mutation: Your spells are a little harder to cast,
                  | but a little more powerful. [potion of mutation]
  5616 | D:4      | Gained mutation: You sometimes lose the ability to read
                  | scrolls when taking damage. [potion of mutation]
  5616 | D:4      | Gained mutation: Your flesh is cold resistant. (rC+)
                  | [potion of mutation]
  5671 | D:4      | Noticed Menkaure
  5710 | D:4      | Killed Menkaure
  6264 | D:4      | Reached skill level 3 in Short Blades
  6707 | D:5      | Entered Level 5 of the Dungeon
  6746 | D:5      | Reached XP level 8. HP: 33/45 MP: 5/14
  7341 | D:5      | Reached skill level 5 in Stealth
  7384 | D:5      | Reached skill level 5 in Spellcasting
  7586 | D:5      | Found Kiuno's Magic Scroll Shoppe.
  7671 | D:5      | Reached skill level 4 in Short Blades
  7823 | D:5      | Reached XP level 9. HP: 51/51 MP: 7/17
  7828 | D:5      | Reached **** piety under Elyvilon
  8130 | D:6      | Noticed rageheart7's ghost (novice FoAK)
  8375 | D:6      | Found a transporter.
  8383 | D:6      | Found a transporter.
  8494 | D:6      | Noticed Pikel
  8499 | D:6      | Killed Pikel
  8500 | D:6      | Reached skill level 5 in Dodging
  8669 | D:6      | Found Loyd Lest's Antique Armour Boutique.
  8669 | D:6      | Noticed Duvessa
  8670 | D:6      | Noticed Dowan
  8674 | D:6      | Killed Dowan
  8676 | D:6      | Killed Duvessa
  8677 | D:6      | Reached skill level 5 in Short Blades
  9415 | D:1      | Bought a runed cloak for 195 gold pieces
  9415 | D:1      | Bought an embroidered robe for 96 gold pieces
 10008 | D:7      | Reached ***** piety under Elyvilon
 10086 | D:7      | Found a staircase to the Ecumenical Temple.
 10255 | D:7      | Reached XP level 10. HP: 58/58 MP: 7/19
 10339 | D:7      | Identified the Compendium of Bewitchment and Attacks
 11117 | D:8      | Reached skill level 5 in Fighting
 11231 | D:8      | Noticed Maurice
 11243 | D:8      | Killed Maurice
 11575 | D:8      | Found a staircase to the Lair.
 11576 | D:8      | Noticed a komodo dragon
 11582 | D:8      | Reached skill level 6 in Short Blades
 11583 | D:8      | Killed a komodo dragon
 12211 | D:9      | Noticed a kobold demonologist
 12213 | D:9      | Noticed an orange demon
 12216 | D:9      | Killed a kobold demonologist
 12217 | D:9      | Reached skill level 1 in Invocations
 12222 | D:9      | Learned a level 4 spell: Fulminant Prism
 12271 | D:9      | Noticed a two-headed ogre
 12278 | D:9      | Killed a two-headed ogre
 12279 | D:9      | Reached skill level 1 in Evocations
 12502 | D:9      | Noticed a two-headed ogre
 12509 | D:9      | Killed a two-headed ogre
 12510 | D:9      | Reached skill level 1 in Hexes
 12510 | D:9      | Reached skill level 5 in Translocations
 12510 | D:9      | Reached XP level 11. HP: 49/64 MP: 3/22
 12759 | D:9      | Noticed a two-headed ogre
 12766 | D:9      | Killed a two-headed ogre
 12973 | D:9      | Reached skill level 7 in Short Blades
 13474 | D:9      | Reached skill level 8 in Short Blades
 13499 | D:9      | Noticed Maggie
 13505 | D:9      | Killed Maggie
 13920 | D:9      | Reached skill level 9 in Short Blades
 14017 | D:10     | Entered Level 10 of the Dungeon
 14074 | D:10     | Noticed a boulder beetle
 14201 | D:10     | Noticed a deep elf pyromancer
 14209 | D:9      | Killed a deep elf pyromancer
 14630 | D:10     | Noticed a centaur warrior
 14633 | D:10     | Killed a centaur warrior
 14634 | D:10     | Reached skill level 10 in Short Blades
 14777 | D:10     | Noticed a manticore
 14784 | D:10     | Killed a manticore
 14785 | D:10     | Reached skill level 11 in Short Blades
 15013 | D:10     | Found a runed translucent gate.
 15014 | D:10     | Found a runed translucent gate.
 15015 | D:10     | Reached ****** piety under Elyvilon
 15015 | D:10     | Found a runed translucent gate.
 15018 | D:10     | Noticed dickylongcocking's ghost (journeyman DjFE)
 15025 | D:10     | Killed dickylongcocking's ghost
 15148 | D:10     | Found a hide-covered altar of Uskayaw.
 15277 | D:10     | Found Weceng's Antique Armour Shoppe.
 15499 | D:10     | Reached skill level 12 in Short Blades
 15996 | D:10     | Reached XP level 12. HP: 57/69 MP: 14/23
 16405 | D:11     | Found a frozen archway.
 16529 | IceCv    | Entered an ice cave
 18573 | IceCv    | Reached skill level 5 in Evocations
 18798 | IceCv    | Reached skill level 5 in Invocations
 19095 | IceCv    | Reached XP level 13. HP: 76/76 MP: 14/26
 19277 | IceCv    | Noticed a frost giant
 19287 | IceCv    | Killed a frost giant
 19288 | IceCv    | Reached skill level 10 in Stealth
 19291 | IceCv    | Reached skill level 10 in Spellcasting
 19675 | D:11     | Noticed a boulder beetle
 19952 | D:11     | Learned a level 7 spell: Ozocubu's Refrigeration
 20036 | D:11     | Reached skill level 1 in Ice Magic
 20770 | D:11     | Found a staircase to the Orcish Mines.
 20836 | D:11     | Killed a boulder beetle
 20959 | D:11     | Lost mutation: You sometimes lose the ability to read
                  | scrolls when taking damage. [potion of mutation]
 20959 | D:11     | Lost mutation: Your spells are a little harder to cast, but
                  | a little more powerful. [potion of mutation]
 20959 | D:11     | Gained mutation: You are weak. (Str -2) [potion of
                  | mutation]
 20959 | D:11     | Gained mutation: You have sharp toenails. [potion of
                  | mutation]
 20960 | D:11     | Lost mutation: Your movements are slightly less encumbered
                  | by armour. (ER -2) [potion of mutation]
 20960 | D:11     | Lost mutation: You have sharp toenails. [potion of
                  | mutation]
 20960 | D:11     | Lost mutation: Your flesh is cold resistant. (rC+) [potion
                  | of mutation]
 20960 | D:11     | Lost mutation: You are weak. (Str -2) [potion of mutation]
 20960 | D:11     | Gained mutation: Your magical capacity is low. (-10% MP)
                  | [potion of mutation]
 20960 | D:11     | Gained mutation: Your flesh is cold resistant. (rC+)
                  | [potion of mutation]
 20960 | D:11     | Gained mutation: Your spells are a little harder to cast,
                  | but a little more powerful. [potion of mutation]
 21067 | D:12     | Reached skill level 5 in Ice Magic
 21553 | D:12     | Found Umnuf's Jewellery Shoppe.
 22286 | D:12     | Found Mocenlum's Antique Armour Shop.
 22615 | D:12     | Noticed a centaur warrior
 22623 | D:12     | Noticed a centaur warrior
 22654 | D:12     | Killed a seven-headed hydra
 22655 | D:12     | Noticed a centaur warrior
 23333 | D:12     | Found Risokh's Magic Scroll Boutique.
 23412 | D:12     | Bought a translucent helmet for 228 gold pieces
 23412 | D:12     | Identified the +0 helmet of Moral Flaws {Rampage Will+
                  | Dex+2} (You bought it in a shop on level 12 of the Dungeon)
 24152 | D:12     | Bought the ring "Ethroxtuw" {Ice rPois Int+4} for 535 gold
                  | pieces
 24965 | Lair:1   | Entered Level 1 of the Lair of Beasts
 25007 | Lair:1   | Reached XP level 14. HP: 82/82 MP: 16/25
 26177 | Lair:1   | Found an iron altar of Okawaru.
 26813 | Lair:2   | Identified the +1 robe "Erion" {+Inv rC+ Will+}
 26967 | Lair:2   | Lost mutation: Your flesh is cold resistant. (rC+) [potion
                  | of mutation]
 26967 | Lair:2   | Lost mutation: Your magical capacity is low. (-10% MP)
                  | [potion of mutation]
 26967 | Lair:2   | Lost mutation: Your spells are a little harder to cast, but
                  | a little more powerful. [potion of mutation]
 26967 | Lair:2   | Gained mutation: Your body sometimes deteriorates upon
                  | taking damage. [potion of mutation]
 26967 | Lair:2   | Gained mutation: You have a pair of small horns on your
                  | head. [potion of mutation]
 26967 | Lair:2   | Gained mutation: You possess an exceptional clarity of
                  | mind. [potion of mutation]
 26967 | Lair:2   | Gained mutation: You passively map a small area around you.
                  | [potion of mutation]
 27037 | Lair:2   | Found a staircase to the Swamp.
 28535 | Lair:3   | You fall into a shaft and drop 3 floors!
 28535 | Lair:6   | Entered Level 6 of the Lair of Beasts
 28591 | Lair:6   | Reached skill level 10 in Ice Magic
 29862 | Lair:6   | HP: 3/82 [cane toad (31)]
 29872 | Lair:6   | Slain by a black mamba

Illustrated notes

Levels and vault maps discovered:
D:1:      amcnicky_arrival_feature_with_door, layout_loops_ring,
          shapermc_ecumenical_altar_notcrosses, serial_shops,
          nicolae_shop_stone, shop, shop, nicolae_shop_overgrown_old_shop,
          nicolae_shop_behind_doors, minmay_gold_behind_fungi
D:2:      layout_loops_ring
D:3:      layout_loops_ring, serial_park_tiny_2, mrwooster_statue_mirror
D:4:      minmay_goblin_kobold_castle, layout_basic, uniq_crazy_yiuf_cottage,
          uniq_robin, uniq_menkaure
D:5:      layout_loops_ring, serial_shops, kennysheep_mini_moat,
          hangedman_abyss_or_decor_lesser_grid
D:6:      layout_loops_ring, gammafunk_ghost_mausoleum, serial_shops,
          shop_statue, uniq_pikel, uniq_duvessa
D:7:      layout_gridville, minmay_temple_entry_large_hall
D:8:      layout_basic, david_lair_shrubbed, uniq_maurice
D:9:      layout_gridville, uniq_maggie
D:10:     layout_basic, general_overflow_altar, serial_shops, shop,
          ebering_ghost_rock_garden, minivault_11, kb_rosetta
D:11:     layout_small_grid, david_orc_3, portal_ice_cave_entry_ice_beasts,
          serial_glass, glass_columns_b, glass_columns_a, glass_columns_a,
          glass_columns_a, glass_columns_a, glass_columns_a, glass_columns_a,
          glass_columns_a
D:12:     layout_loops_ring, serial_shops, nicolae_shop_window_shopping, shop,
          nicolae_shop_waterfront, minivault_12
Lair:1:   layout_chaotic_city, basic_altar, kennysheep_abandoned_house,
          infiniplex_staircase_pool
Lair:2:   layout_cellular_growth, swamp_mist, nzn_sisyphean_effort,
          serial_bayou_shore_b, grunt_megastairs_3, infiniplex_staircase_pool_2
Lair:3:   cheibrodos_lair_overgrown_chateau, layout_cave_shapes
Lair:6:   cheibrodos_lair_end_hotspot, layout_gridlike, slime_altar_1,
          chequers_serial_rivers_room_b, minivault_27, ice2_lemuel

Skill      XL: |  1  2  3  4  5  6  7  8  9 10 11 12 13 14 |
---------------+-------------------------------------------+-----
Stealth        | 3 4 5 6 7 8 9 10 | 10.2
Fighting       | 1 2 3 4 5 7 |  7.6
Conjurations   | 5 6 7 8 |  8.5
Short Blades   | 1 2 3 4 5 6 12 | 12.1
Spellcasting   | 3 4 5 6 7 9 10 11 | 11.9
Dodging        | 3 4 5 6 |  6.4
Translocations | 1 2 3 5 |  5.1
Invocations    | 2 5 |  5.6
Evocations     | 1 2 5 |  5.9
Hexes          | 1 3 |  3.3
Ice Magic      | 8 11 | 11.0
Shields        | |  0.2

Action                   |  1- 3 |  4- 6 |  7- 9 | 10-12 | 13-15 || total
-------------------------+-------+-------+-------+-------+-------++-------
Melee: Dagger            |     8 |    33 |    30 |       |       ||    71
       Unarmed           |     1 |       |       |       |       ||     1
       Short sword       |       |       |       |    74 |    61 ||   135
       Staff             |       |       |       |       |     4 ||     4
       Headbutt          |       |       |       |       |    16 ||    16
 Cast: Magic Dart        |    57 |   143 |    68 |    32 |    17 ||   317
       Searing Ray       |       |    11 |    41 |   138 |   188 ||   378
       Iskenderun's Myst |       |       |     1 |    34 |    71 ||   106
       Fulminant Prism   |       |       |       |    34 |    43 ||    77
Evoke: Wand              |       |       |       |     3 |       ||     3
  Use: Potion            |       |     2 |     3 |     2 |    10 ||    17
       Scroll            |       |       |    10 |     5 |    11 ||    26
 Stab: Sleeping          |       |       |       |       |     4 ||     4
Armor: Robe              |     1 |    13 |    26 |    55 |    56 ||   151
Dodge: Dodged            |    10 |    47 |    47 |   173 |   144 ||   421
Block: Other             |       |       |     5 |    50 |    59 ||   114
       Reflection        |       |       |       |     3 |     1 ||     4

Table legend: (Time is in decaauts)
 A = Elapsed time spent in this place.
 B = Non-inter-level travel time spent in this place.
 C = Inter-level travel time spent in this place.
 D = Time resting spent in this place.
 E = Time spent auto-exploring this place.
 F = Levels seen in this place.
 G = Mean time per level.
                   A        B        C        D        E       F      G
               +--------+--------+--------+--------+--------+-----+--------+
         Total |  29874 |  28376 |   1498 |  10022 |  12805 |  17 | 1757.3 |
       Dungeon |  22157 |  20693 |   1464 |   6220 |  11124 |  12 | 1846.4 |
          Lair |   4813 |   4779 |     34 |   1812 |   1610 |   4 | 1203.2 |
      Ice Cave |   2903 |   2903 |      0 |   1990 |     70 |   1 | 2903.0 |
               +--------+--------+--------+--------+--------+-----+--------+

Top non-repeatable levels by time:
     D:4: 3066 daAuts
   IceCv: 2903 daAuts
    D:10: 2476 daAuts
    D:11: 2463 daAuts
     D:9: 2400 daAuts
    D:12: 2235 daAuts
     D:1: 1754 daAuts
  Lair:2: 1645 daAuts
  Lair:1: 1590 daAuts
     D:5: 1392 daAuts
     D:8: 1379 daAuts
     D:3: 1368 daAuts
  Lair:6: 1323 daAuts
     D:6: 1310 daAuts
     D:7: 1242 daAuts
